 Dungeon Crawl Stone Soup version 0.24-a0-769-g368c1644f8 (webtiles) character file.

Game seed: 8225122984946938324, levelgen mode: deterministic

10404 1994 the Cleaver (level 11, -3/148 (150) HPs)
             Began as a Minotaur Berserker on Oct 6, 2019.
             Was a High Priest of Trog.
             Slain by a death yak (16 damage)
             ... on level 10 of the Dungeon.
             The game lasted 00:33:34 (8668 turns).

1994 the Cleaver (Minotaur Berserker)               Turns: 8668, Time: 00:33:35

HP:   -3/148 (150)  AC: 21    Str: 27    XL:     11   Next: 35%
MP:   10/10         EV: 13    Int:  4    God:    Trog [*****.]
Gold: 721           SH:  0    Dex: 17    Spells: 10/10 levels left

rFire    . . .     SeeInvis .   a - +0 battleaxe
rCold    . . .     Gourm    .   (shield currently unavailable)
rNeg     . . .     Faith    .   r - +0 plate armour
rPois    .         Spirit   .   (helmet restricted)
rElec    .         Reflect  .   B - +0 cloak
rCorr    .         Harm     .   q - +0 pair of gloves
MR       .....                  V - +0 pair of boots
Stlth    ..........             (no amulet)
HPRegen  0.34/turn              g - +4 ring of dexterity
MPRegen  0.12/turn              C - +3 ring of protection

@: berserking (expiring), very quick
A: retaliatory headbutt, horns 2
a: Berserk, Trog's Hand, Brothers in Arms, Renounce Religion


You were on level 10 of the Dungeon.
You worshipped Trog.
Trog was extremely pleased with you.
You were very hungry.

You visited 2 branches of the dungeon, and saw 11 of its levels.
You also visited: Sewer.

You collected 721 gold pieces.

Inventory:

Hand Weapons
 a - a +0 battleaxe (weapon)
 b - the +9 fustibalus of Flawed Execution {freeze, rN+}
   (You took it off an orc on level 6 of the Dungeon)

   It causes projectiles fired from it to freeze those they strike, causing
   extra injury to most foes and up to half again as much damage against
   particularly susceptible opponents.
   They can also slow down cold-blooded creatures.
   It protects you from negative energy.
 w - a +0 hand crossbow
 N - a +1 flail of protection
 O - a +5 dire flail of freezing
 T - a +2 dagger of venom
 W - a +1 executioner's axe of electrocution
Missiles
 d - 5 throwing nets
 t - 13 boomerangs
 x - 223 stones
 G - 12 javelins (quivered)
 H - 217 sling bullets
 M - 4 boomerangs of dispersal
Armour
 q - a +0 pair of gloves (worn)
 r - a +0 plate armour (worn)
 B - a +0 cloak (worn)
 Q - a +4 scale mail of poison resistance
 V - a +0 pair of boots (worn)
Magical Staves
 i - an uncursed staff of energy {unknown}
Jewellery
 g - a +4 ring of dexterity (left hand)
 C - a +3 ring of protection (right hand)
 I - an uncursed ring of resist corrosion
Wands
 F - a wand of paralysis (5)
 L - a wand of digging (4)
 X - a wand of random effects (15)
Scrolls
 f - a scroll of blinking
 l - a scroll of immolation {unknown}
 m - a scroll of enchant armour {unknown}
 p - a scroll of fear {unknown}
 u - 8 scrolls of remove curse
 v - 3 scrolls of teleportation
 y - a scroll of fog {unknown}
 A - a scroll of magic mapping {unknown}
 D - a scroll of identify
 E - 2 scrolls of enchant weapon
 U - 2 scrolls of noise {unknown}
Potions
 e - 3 potions of brilliance
 h - a potion of flight {unknown}
 j - 5 potions of curing
 k - 2 potions of haste
 n - 4 potions of heal wounds
 o - 4 potions of might
 s - 2 potions of resistance {unknown}
 z - 2 potions of lignification
 J - a potion of agility {unknown}
 K - a potion of mutation {unknown}
 P - a potion of cancellation {unknown}
 R - a potion of degeneration {unknown}
Comestibles
 c - 22 rations
 S - 2 chunks of flesh


   Skills:
 + Level 10.3 Fighting
 * Level 13.5 Axes
 + Level 9.9 Armour
 + Level 9.1 Dodging


You had 10 spell levels left.
You didn't know any spells.
Your spell library was empty.

Dungeon Overview and Level Annotations

Branches:
Dungeon (10/15)            Temple (1/1) D:5             Orc (0/2) D:9
  Sewer (visited)
   Lair: D:8-11

Altars:
Ashenzari
Cheibriados
Dithmenos
Elyvilon
Fedhas
Gozag
Hepliaklqana
Kikubaaqudgha
Makhleb
Nemelex Xobeh
Okawaru
Qazlal
Ru
Sif Muna
Trog
Uskayaw
Vehumet
Wu Jian
Xom
Yredelemnul
Zin
The Shining One


Innate Abilities, Weirdness & Mutations

You reflexively headbutt those who attack you in melee.
You have a pair of horns on your head.


Message History

The death yak gores you!
* * * LOW HITPOINT WARNING * * *
You barely miss the death yak. You headbutt the death yak!
You kill the death yak!
Trog accepts your kill.
You hit the death yak. You slice the death yak!!
Your headbutt misses the death yak.
The death yak is severely wounded.
The death yak gores you!
* * * LOW HITPOINT WARNING * * *
You hit the death yak.
The death yak is severely wounded.
The death yak gores you.
* * * LOW HITPOINT WARNING * * *
You hit the death yak but do no damage. You headbutt the death yak!
The death yak is almost dead.
You hit the death yak but do no damage. You headbutt the death yak!
The death yak is almost dead.
The death yak gores you!
You die...

.................#÷.......
####...#!..#....##........
...#.....#.#.....#.#......
#..........#.##....#......
##......##.#.####..#......
#....####..#..# #........#
..†.## ###.#... ..........
..######......###?.####...
............#.#.@.####
...............Y.....#
÷).(.................#
<)...........).......#.
.#......................
##.##.#........#......#.
.#.# .#.......###.###...
...<#.#........# ## #..
......#........# ..


You could see a death yak.

Vanquished Creatures
  Harold (D:8)
  2 two-headed ogres (D:9)
  2 death yaks (D:10)
  Maurice (D:8)
  Grinder (D:3)
  2 hippogriffs
  5 yaks (D:9)
  A wyvern (D:8)
  A wraith (D:10)
  2 humans (D:7)
  A hungry ghost (D:7)
  A water moccasin (D:5)
  Purgy (Sewer)
  3 orc warriors
  A sky beast (D:9)
  2 necrophages
  4 phantoms
  2 ice beasts
  4 ogres
  3 centaurs
  3 big kobolds
  5 bullfrogs
  3 scorpions
  12 killer bees
  5 wights (D:8)
  2 howler monkeys
  A bullfrog zombie (D:8)
  3 crimson imps
  8 hounds
  2 quasits
  5 orc priests
  6 bullfrog skeletons
  Terence (D:2)
  5 orc wizards
  2 iguanas
  8 worker ants
  A hound zombie (D:5)
  A hound skeleton (D:7)
  A howler monkey zombie (D:6)
  A worker ant zombie (D:7)
  8 gnolls
  11 adders
  2 river rats (D:4)
  5 shadow imps
  An ooze (D:5)
  4 adder skeletons
  5 worms
  2 dart slugs
  7 leopard geckos
  28 orcs
  7 giant cockroaches
  3 goblins
  6 hobgoblins
  4 jackals
  4 quokkas
  12 bats
  5 frilled lizards
  A jackal zombie (D:6)
  11 kobolds
  A leopard gecko zombie (D:6)
  A quokka skeleton (D:5)
  A quokka zombie (D:5)
  11 rats
255 creatures vanquished.

Notes
Turn   | Place    | Note
-------+----------+-------------------------------------------
     0 | D:1      | 1994 the Minotaur Berserker began the quest for the Orb.
     0 | D:1      | Reached XP level 1. HP: 19/19 MP: 0/0
   221 | D:1      | Reached XP level 2. HP: 27/27 MP: 1/1
   234 | D:1      | Reached skill level 4 in Axes
   677 | D:2      | You fall into a shaft and drop 1 floor!
   678 | D:3      | Noticed Grinder
   788 | D:4      | Reached XP level 3. HP: 21/33 MP: 2/2
   853 | D:4      | Reached ** piety under Trog
   863 | D:4      | Found a glowing drain.
   872 | D:4      | Reached XP level 4. HP: 37/40 MP: 3/3
   887 | Sewer    | Entered a sewer
   916 | Sewer    | Noticed Purgy
   941 | Sewer    | Killed Purgy
   941 | Sewer    | Reached skill level 5 in Axes
   941 | Sewer    | Reached XP level 5. HP: 47/47 MP: 4/4
  1047 | D:3      | Paralysed by Grinder for 6 turns
  1076 | D:3      | Killed Grinder
  1076 | D:3      | Reached skill level 5 in Fighting
  1076 | D:3      | Reached skill level 6 in Axes
  1076 | D:3      | Reached XP level 6. HP: 56/56 MP: 5/5
  1311 | D:2      | Noticed Terence
  1316 | D:2      | Killed Terence
  1944 | D:3      | Reached *** piety under Trog
  1944 | D:3      | Reached XP level 7. HP: 55/61 MP: 6/6
  2110 | D:3      | Found a hazy altar of Hepliaklqana.
  2462 | D:4      | Reached skill level 7 in Axes
  2610 | D:5      | Entered Level 5 of the Dungeon
  2934 | D:5      | Reached skill level 5 in Armour
  3058 | D:5      | Found a staircase to the Ecumenical Temple.
  3071 | Temple   | Entered the Ecumenical Temple
  3257 | D:5      | Reached skill level 5 in Dodging
  3257 | D:5      | Reached XP level 8. HP: 67/70 MP: 7/7
  3280 | D:5      | Reached skill level 8 in Axes
  3423 | D:5      | Found a sacrificial altar of Ru.
  3830 | D:6      | Identified the +9 fustibalus of Flawed Execution {freeze,
                  | rN+}
  4383 | D:6      | Reached skill level 9 in Axes
  4460 | D:6      | Reached **** piety under Trog
  4483 | D:6      | Received a gift from Trog
  4497 | D:6      | Found a snail-covered altar of Cheibriados.
  5094 | D:7      | Reached XP level 9. HP: 77/79 MP: 8/8
  5351 | D:7      | Reached skill level 10 in Axes
  5719 | D:7      | You fall into a shaft and drop 2 floors!
  6176 | D:7      | Found an iron altar of Okawaru.
  6187 | D:7      | Reached skill level 11 in Axes
  6557 | D:8      | Reached XP level 10. HP: 90/90 MP: 9/9
  6585 | D:8      | Noticed Harold
  6590 | D:8      | Killed Harold
  6591 | D:8      | Reached ***** piety under Trog
  6652 | D:8      | Noticed Maurice
  6664 | D:8      | Killed Maurice
  6872 | D:8      | Reached skill level 12 in Axes
  7444 | D:9      | Noticed a two-headed ogre
  7474 | D:9      | Killed a two-headed ogre
  7537 | D:9      | Found a sacrificial altar of Ru.
  7540 | D:9      | Found a burning altar of Makhleb.
  7543 | D:9      | Found an opulent altar of Gozag.
  7882 | D:9      | Found a staircase to the Orcish Mines.
  7953 | D:9      | Noticed a two-headed ogre
  7958 | D:9      | Killed a two-headed ogre
  7958 | D:9      | Received a gift from Trog
  7958 | D:9      | Reached skill level 13 in Axes
  7958 | D:9      | Reached XP level 11. HP: 98/98 MP: 10/10
  8031 | D:9      | You fall into a shaft and drop 1 floor!
  8031 | D:10     | Entered Level 10 of the Dungeon
  8237 | D:10     | Reached skill level 10 in Fighting
  8386 | D:10     | Noticed a death yak
  8413 | D:10     | Killed a death yak
  8648 | D:10     | Noticed a death yak
  8650 | D:10     | Noticed a death yak
  8664 | D:10     | Killed a death yak
  8668 | D:10     | Slain by a death yak

Levels and vault maps discovered:
D:1:      matt_arrival_diagonals, layout_basic
D:2:      layout_basic, uniq_terence
D:3:      layout_basic, lemuel_coloured_pillars_altar, uniq_grinder
D:4:      layout_cave_pools, portal_sewer_entry_a
D:5:      layout_cave_pools, minmay_temple_entry_sparse_star, basic_altar,
          first_ration, chequers_serial_rivers_micro_b, minmay_circle_x
D:6:      layout_basic, kennysheep_slug_shrine
D:7:      layout_loops_ring, okawaru_humans, serial_aquarium,
          aquarium_bridge_straight [aquarium_subvault_bridge,
          aquarium_subvault_wall, aquarium_subvault_bridge,
          aquarium_subvault_wall], aquarium_bridge_square
          [aquarium_subvault_bridge, aquarium_subvault_wall,
          aquarium_subvault_wall, aquarium_subvault_window], aquarium_window_1,
          aquarium_window_1, aquarium_window_2, aquarium_view_2b,
          grunt_ogre_cave
D:8:      layout_loops_ring, uniq_maurice, uniq_harold
D:9:      layout_long_grid, grunt_temple_overflow_diamond, orc_0_dummy
D:10:     layout_cave_pools, dpeg_lair_monsters
Temple:   nicolae_temple_elliptical

Skill      XL: |  1  2  3  4  5  6  7  8  9 10 11 |
---------------+----------------------------------+-----
Axes           | 4 5 6 7 9 11 13 | 13.5
Fighting       | 4 5 6 7 8 9 10 | 10.3
Armour         | 3 4 5 6 8 9 |  9.9
Dodging        | 3 4 5 6 7 8 9 |  9.1

Action                   |  1- 3 |  4- 6 |  7- 9 | 10-12 || total
-------------------------+-------+-------+-------+-------++-------
Melee: Hand axe          |    59 |    60 |       |       ||   119
       Headbutt          |    15 |    17 |    94 |    53 ||   179
       War axe           |       |    42 |   348 |    64 ||   454
       Battleaxe         |       |       |       |   110 ||   110
       Executioner's axe |       |       |       |     4 ||     4
 Fire: Fustibalus        |       |       |     4 |     3 ||     7
Invok: Trog's Hand       |       |     2 |       |       ||     2
       Berserk           |       |     1 |       |     4 ||     5
Evoke: Wand              |       |       |       |     4 ||     4
  Use: Potion            |       |     1 |       |       ||     1
       Scroll            |       |       |     7 |     4 ||    11
 Stab: Paralysed         |       |       |       |     5 ||     5
  Eat: Chunk             |       |     5 |    15 |    10 ||    30
       Ration            |       |       |     1 |       ||     1
Armor: Leather armour    |     8 |       |       |       ||     8
       Chain mail        |    26 |       |       |       ||    26
       Plate armour      |     3 |    67 |   244 |   102 ||   416
Dodge: Dodged            |    27 |    51 |   173 |    96 ||   347

Table legend:
 A = Non-vault XP
 B = Vault XP
 C = Vault XP percentage of total XP
 D = Non-vault monster count
 E = Vault monster count
 F = Vault count percentage of total count
                 A         B        C        D         E       F
            +---------+---------+-------+---------+---------+-------
      Total |   10481 |    4383 |  29.5 |     226 |      29 |  11.4
            +---------+---------+-------+---------+---------+-------
        D:1 |      24 |       0 |   0.0 |      15 |       0 |   0.0
        D:2 |      92 |      36 |  28.1 |      18 |       1 |   5.3
        D:3 |     109 |     290 |  72.7 |      23 |       1 |   4.2
        D:4 |     175 |      31 |  15.0 |      11 |       6 |  35.3
        D:5 |     911 |     161 |  15.0 |      25 |       7 |  21.9
        D:6 |     572 |       4 |   0.7 |      16 |       1 |   5.9
        D:7 |    1684 |     520 |  23.6 |      29 |       3 |   9.4
        D:8 |    1688 |    1477 |  46.7 |      41 |       2 |   4.7
        D:9 |    4009 |       0 |   0.0 |      26 |       0 |   0.0
       D:10 |    1217 |    1721 |  58.6 |      22 |       2 |   8.3
      Sewer |       0 |     143 | 100.0 |       0 |       6 | 100.0
            +---------+---------+-------+---------+---------+-------
